 Dungeon Crawl Stone Soup version 0.21-a0-442-g848f44b (webtiles) character file.

260 torrenera the Slasher (level 5, -2/40 (41) HPs)
             Began as a Demonspawn Fighter on Nov 15, 2017.
             Killed from afar by an orc wizard (9 damage)
             ... with a magic dart
             ... on level 4 of the Dungeon.
             The game lasted 00:03:45 (1722 turns).

torrenera the Slasher (Demonspawn Fighter)          Turns: 1722, Time: 00:03:46

HP:   -2/40 (41)    AC:  6    Str: 17    XL:     5   Next: 95%
MP:   5/5           EV:  6    Int:  9    God:
Gold: 76            SH:  9    Dex: 15    Spells: 4/4 levels left

rFire    . . .     SeeInvis .   a - +0 long sword
rCold    . . .     Gourm    .   c - +0 shield
rNeg     . . .     Faith    .   b - +0 scale mail
rPois    .         Spirit   .   (no helmet)
rElec    .         Reflect  .   (no cloak)
rCorr    .         Harm     .   (no gloves)
MR       .....                  (no boots)
Stlth    +.........             (no amulet)
HPRegen  0.13/turn              (no ring)
MPRegen  0.09/turn              (no ring)

@: lethally poisoned (-2 -> -6)
A: thin skeletal structure 1, demonic guardian 1
a: no special abilities


You were on level 4 of the Dungeon.
You were not hungry.

You visited 1 branch of the dungeon, and saw 3 of its levels.

You collected 76 gold pieces.

Inventory:

Hand Weapons
 a - a +0 long sword (weapon)
Missiles
 e - 49 stones
 l - 2 poisoned javelins (quivered)
Armour
 b - a +0 scale mail (worn)
 c - a +0 shield (worn)
Scrolls
 i - 3 scrolls of identify {unknown}
 n - a scroll of random uselessness {unknown}
 o - a scroll of immolation {unknown}
 q - a scroll of magic mapping {unknown}
Potions
 d - a potion of might
 g - a potion of cancellation {unknown}
 j - a potion of agility {unknown}
 p - 2 potions of curing {unknown}
Comestibles
 f - a bread ration
 h - 2 royal jellies
 k - a meat ration
 r - 4 fruits


   Skills:
 - Level 3.0 Fighting
 + Level 5.7 Long Blades
 - Level 2.6 Armour
 - Level 2.6 Shields


You had 4 spell levels left.
You didn't know any spells.

Dungeon Overview and Level Annotations

Branches:
Dungeon (2/15)

Altars:


Innate Abilities, Weirdness & Mutations

You have a somewhat thin skeletal structure. (Dex +2, Stealth)
A weak demonic guardian rushes to your aid.


Message History

Throwing (i - inventory. (,) - cycle):
l - 4 poisoned javelins (quivered)
Press: ? - help, Shift-Dir - straight line, f - orc wizard
Aim: an orc wizard, wielding a long sword and wearing a robe (heavily wounded, fast)
You throw a poisoned javelin.
The poisoned javelin hits the orc wizard but does no damage.
The orc wizard is poisoned.
The orc wizard is heavily wounded.
You feel sick.
The orc wizard gestures at you while chanting.
The magic dart hits you!
* * * LOW HITPOINT WARNING * * *
Throwing (i - inventory. (,) - cycle):
l - 3 poisoned javelins (quivered)
Press: ? - help, Shift-Dir - straight line, f/p - orc wizard
Aim: an orc wizard, wielding a long sword and wearing a robe (heavily wounded, fast, poisoned)
You throw a poisoned javelin.
The poisoned javelin closely misses the orc wizard.
You feel sick. The orc wizard casts a spell at you. The magic dart hits you!
You die...

### ..# #.# #.# #.#
##########.############
#...ยง5@.o(..<(.........
#.#####..#.###########.
#.##.# #. #.##.# ##.
#.#... ########.. ......
.......)..
......#########.#
#...#.## #.# #.#


You could see an orc wizard and a friendly iron imp.

Vanquished Creatures
  An ogre (D:4)
  A necrophage (D:4)
  A worker ant (D:4)
  A hound skeleton (D:4)
  5 adders (D:2)
  A worm (D:2)
  3 leopard geckos
  3 orcs (D:4)
  A ball python (D:1)
  A giant cockroach (D:2)
  4 goblins (D:1)
  5 hobgoblins
  3 jackals (D:1)
  4 kobolds
  8 bats
  3 frilled lizards (D:1)
  3 rats (D:1)
48 creatures vanquished.

Notes
Turn   | Place    | Note
-------+----------+-------------------------------------------
     0 | D:1      | torrenera the Demonspawn Fighter began the quest for the Orb.
     0 | D:1      | Reached XP level 1. HP: 18/18 MP: 1/1
    13 | D:1      | Reached skill level 2 in Long Blades
   201 | D:1      | Gained mutation: You have a somewhat thin skeletal structure. (Dex +2, Stealth) [demonic ancestry]
   201 | D:1      | Reached XP level 2. HP: 14/24 MP: 2/2
   527 | D:1      | Reached skill level 3 in Long Blades
   577 | D:1      | Reached XP level 3. HP: 29/29 MP: 3/3
  1108 | D:2      | Reached skill level 4 in Long Blades
  1108 | D:2      | Gained mutation: A weak demonic guardian rushes to your aid. [demonic ancestry]
  1108 | D:2      | Reached XP level 4. HP: 27/35 MP: 4/4
  1410 | D:2      | You fall through a shaft for 2 floors!
  1642 | D:4      | Noticed a necrophage
  1642 | D:4      | Noticed an ogre
  1648 | D:4      | Killed a necrophage
  1648 | D:4      | Reached skill level 5 in Long Blades
  1648 | D:4      | Reached XP level 5. HP: 39/40 MP: 5/5
  1665 | D:4      | Killed an ogre
  1722 | D:4      | Killed from afar by an orc wizard

Vault maps used:
D:1:      mrwooster_arrival_statue_2
D:2:      regret_index_temple_of_mockery
D:4:      minmay_temple_entry_crystal_x, first_bread

Skill      XL: |  1  2  3  4 |
---------------+-------------+-----
Long Blades    | 2 3 4 5 |  5.7
Fighting       | |  3.0
Armour         | |  2.6
Shields        | |  2.6

Action                   |  1- 3 |  4- 6 || total
-------------------------+-------+-------++-------
Melee: Long sword        |   131 |    50 ||   181
Throw: Javelin           |     1 |     3 ||     4
  Use: Potion            |     1 |       ||     1
 Stab: Distracted        |       |     1 ||     1
  Eat: Chunk             |     1 |     2 ||     3
Armor: Scale mail        |    95 |    14 ||   109
Dodge: Dodged            |    46 |    14 ||    60
Block: Shield            |    84 |    10 ||    94
       Rpst.: Long sword |    20 |     4 ||    24

Table legend:
 A = Spawn XP
 B = Non-spawn XP
 C = Spawn XP percentage of total XP
 D = Spawn monster count
 E = Non-spawn monster count
 F = Spawn count percentage of total count
 G = Total turns spent on level
                    A         B        C        D         E        F      G
               +---------+---------+-------+---------+---------+-------+---------
         Total |       0 |     372 |   0.0 |       0 |      48 |   0.0 |  1722
               +---------+---------+-------+---------+---------+-------+---------
           D:1 |       0 |      46 |   0.0 |       0 |      28 |   0.0 |   738
           D:2 |       0 |      85 |   0.0 |       0 |      13 |   0.0 |   672
           D:4 |       0 |     241 |   0.0 |       0 |       7 |   0.0 |   312
               +---------+---------+-------+---------+---------+-------+---------
